 Dungeon Crawl Stone Soup version 0.24.0-1-gfbc8707 (webtiles) character file.

Game seed: 2391621076971787719, levelgen mode: deterministic

1335 Buxparty the Quickloader (level 8, -2/64 HPs)
             Began as a Gnoll Wanderer on Jan 5, 2020.
             Slain by an orc warrior
             ... wielding a +0 battleaxe
              (14 damage)
             ... on level 5 of the Dungeon.
             The game lasted 00:14:42 (5160 turns).

Buxparty the Quickloader (Gnoll Wanderer)           Turns: 5160, Time: 00:14:42

Health: -2/64      AC:  9    Str: 16    XL:     8   Next: 61%
Magic:  13/13      EV: 12    Int: 15    God:
Gold:   271        SH:  0    Dex: 15    Spells: 13/13 levels left

rFire    . . .     SeeInvis .   b - +4 flail
rCold    + . .     Gourm    .   (no shield)
rNeg     . . .     Faith    .   y - +1 ring mail of Xob Zol {rC+}
rPois    .         Spirit   .   x - +0 helmet (curse)
rElec    .         Reflect  .   (no cloak)
rCorr    .         Harm     .   (no gloves)
MR       .....                  e - +0 pair of boots
Stlth    ++........             (no amulet)
HPRegen  0.20/turn              (no ring)
MPRegen  0.13/turn              (no ring)

@: flying, drained
A: distributed training, fangs 1, strong nose
a: no special abilities


You were on level 5 of the Dungeon.
You were not hungry.

You visited 1 branch of the dungeon, and saw 6 of its levels.

You collected 271 gold pieces.

Inventory:

Hand Weapons
 a - a +0 hand crossbow
 b - a +4 flail (weapon)
 F - a +0 halberd
 G - a +0 shortbow
Missiles
 c - 20 bolts
 l - 74 arrows
 m - 15 poisoned darts (quivered)
 A - 30 sling bullets
Armour
 d - a +0 ring mail
 e - a +0 pair of boots (worn)
 x - a cursed +0 helmet (worn)
 y - the +1 ring mail of Xob Zol (worn) {rC+}
   (You found it on level 4 of the Dungeon)

   It protects you from cold.
Jewellery
 n - an uncursed ring of magical power {unknown}
Wands
 v - a wand of paralysis (11)
Scrolls
 g - 5 scrolls of identify {unknown}
 h - a scroll of magic mapping {unknown}
 i - 6 scrolls of teleportation {unknown}
 o - 3 scrolls of remove curse {unknown}
 t - 2 scrolls of amnesia {unknown}
 u - a scroll of enchant weapon {unknown}
 D - 2 scrolls of blinking {unknown}
 E - a scroll of fear {unknown}
Potions
 j - a potion of might {unknown}
 k - a potion of cancellation {unknown}
 p - a potion of flight
 s - a potion of curing {unknown}
 w - a potion of berserk rage {unknown}
 z - a potion of invisibility {unknown}
 B - a potion of magic {unknown}
 C - 3 potions of resistance {unknown}
Miscellaneous
 r - a box of beasts
Comestibles
 f - 5 rations


   Skills:
 + Level 5.7(5.1) Fighting
 + Level 3.3(2.7) Short Blades
 + Level 3.3(2.7) Long Blades
 + Level 3.3(2.7) Axes
 + Level 3.3(2.7) Maces & Flails
 + Level 3.3(2.7) Polearms
 + Level 3.3(2.7) Staves
 + Level 3.3(2.7) Slings
 + Level 3.3(2.7) Bows
 + Level 9.2(8.5) Crossbows
 + Level 3.3(2.7) Throwing
 + Level 5.7(5.1) Armour
 + Level 3.3(2.7) Dodging
 + Level 3.3(2.7) Stealth
 + Level 4.3(3.7) Shields
 + Level 3.3(2.7) Unarmed Combat
 + Level 3.3(2.7) Spellcasting
 + Level 2.7(2.1) Conjurations
 + Level 2.7(2.1) Hexes
 + Level 2.7(2.1) Charms
 + Level 2.7(2.1) Summonings
 + Level 2.7(2.1) Necromancy
 + Level 2.7(2.1) Translocations
 + Level 2.7(2.1) Transmutations
 + Level 2.7(2.1) Fire Magic
 + Level 2.7(2.1) Ice Magic
 + Level 2.7(2.1) Air Magic
 + Level 2.7(2.1) Earth Magic
 + Level 2.7(2.1) Poison Magic
 + Level 3.7(3.1) Invocations
 + Level 4.3(3.7) Evocations


You had 13 spell levels left.
You didn't know any spells.
Your spell library was empty.

Dungeon Overview and Level Annotations

Branches:
Dungeon (6/15)             Temple (0/1) D:6

Altars:
Fedhas
Hepliaklqana


Innate Abilities, Weirdness & Mutations

Your experience applies equally to all skills.
You have very sharp teeth.
Your uncanny sense of smell can sniff out nearby items.


Message History

The orc warrior is severely wounded.
Something hits you but does no damage.
The orc warrior hits you but does no damage.
You hit the orc warrior.
The orc warrior is severely wounded.
Something hits you but does no damage. The orc warrior closely misses you.
Something hits you but does no damage.
You hit the orc warrior.
The orc warrior is almost dead.
You hear some strange, mumbled words.
Something tries to affect you, but you resist.
The orc warrior misses you.
You hit the orc warrior but do no damage.
The orc warrior is almost dead.
Something hits you but does no damage.
You hit the orc warrior but do no damage.
Your bite misses the orc warrior.
The orc warrior is almost dead.
The orc warrior hits you with a +0 battleaxe!
You die...

###..............#
#..............#
#..............#
#..............#
#..............#
############...#
##..# #o.# #{@#
####


You could see an orc warrior.

Vanquished Creatures
  Sigmund (D:4)
  2 sky beasts (D:5)
  2 ice beasts (D:5)
  A black bear (D:4)
  A centaur (D:4)
  2 scorpions
  A howler monkey (D:5)
  A bullfrog zombie (D:5)
  A crimson imp (D:5)
  A jelly (D:6)
  A hound (D:4)
  A bullfrog skeleton (D:5)
  Jessica (D:2)
  An orc wizard (D:6)
  A worker ant (D:5)
  11 gnolls
  6 adders
  An ooze (D:2)
  2 worms
  2 dart slugs
  2 leopard geckos (D:4)
  6 orcs
  2 ball pythons (D:2)
  6 giant cockroaches
  5 goblins
  6 hobgoblins
  6 jackals
  2 quokkas
  13 bats
  12 frilled lizards
  A jackal skeleton (D:4)
  11 kobolds
  13 rats
125 creatures vanquished.

Notes
Turn   | Place    | Note
-------+----------+-------------------------------------------
     0 | D:1      | Buxparty the Gnoll Wanderer began the quest for the Orb.
     0 | D:1      | Buxparty set off with the following items: a +0 hand
                  | crossbow, a box of beasts, 25 bolts, a +0 ring mail, a
                  | ration
     0 | D:1      | Reached XP level 1. HP: 20/20 MP: 2/2
   167 | D:1      | Reached XP level 2. HP: 26/26 MP: 3/3
   615 | D:1      | Reached XP level 3. HP: 31/31 MP: 4/4
   924 | D:2      | Reached skill level 1 in Invocations
   934 | D:2      | Reached skill level 1 in Short Blades
   934 | D:2      | Reached skill level 1 in Long Blades
   934 | D:2      | Reached skill level 1 in Axes
   934 | D:2      | Reached skill level 1 in Maces & Flails
   934 | D:2      | Reached skill level 1 in Polearms
   934 | D:2      | Reached skill level 1 in Staves
   934 | D:2      | Reached skill level 1 in Slings
   934 | D:2      | Reached skill level 1 in Bows
   934 | D:2      | Reached skill level 1 in Throwing
   934 | D:2      | Reached skill level 1 in Dodging
   934 | D:2      | Reached skill level 1 in Stealth
   934 | D:2      | Reached skill level 1 in Unarmed Combat
   934 | D:2      | Reached skill level 1 in Spellcasting
   971 | D:2      | Reached XP level 4. HP: 38/38 MP: 6/6
  1197 | D:2      | Noticed Jessica
  1199 | D:2      | Killed Jessica
  1220 | D:2      | Reached skill level 1 in Conjurations
  1220 | D:2      | Reached skill level 1 in Hexes
  1220 | D:2      | Reached skill level 1 in Charms
  1220 | D:2      | Reached skill level 1 in Summonings
  1220 | D:2      | Reached skill level 1 in Necromancy
  1220 | D:2      | Reached skill level 1 in Translocations
  1220 | D:2      | Reached skill level 1 in Transmutations
  1220 | D:2      | Reached skill level 1 in Fire Magic
  1220 | D:2      | Reached skill level 1 in Ice Magic
  1220 | D:2      | Reached skill level 1 in Air Magic
  1220 | D:2      | Reached skill level 1 in Earth Magic
  1220 | D:2      | Reached skill level 1 in Poison Magic
  1500 | D:3      | Reached XP level 5. HP: 43/43 MP: 7/7
  2690 | D:4      | Noticed a centaur
  2736 | D:4      | Reached XP level 6. HP: 41/50 MP: 8/8
  2748 | D:4      | Found a blossoming altar of Fedhas.
  2756 | D:4      | Reached skill level 5 in Fighting
  2756 | D:4      | Reached skill level 5 in Armour
  3041 | D:4      | Noticed Sigmund
  3044 | D:4      | Got a spiked ring mail
  3109 | D:4      | Killed Sigmund
  3109 | D:4      | Reached XP level 7. HP: 26/56 MP: 10/10
  3665 | D:4      | Identified the +1 ring mail of Xob Zol {rC+} (You found it
                  | on level 4 of the Dungeon)
  3719 | D:5      | Entered Level 5 of the Dungeon
  3771 | D:5      | Reached skill level 9 in Crossbows
  3866 | D:5      | Reached XP level 8. HP: 36/63 MP: 12/12
  4131 | D:5      | Found a hazy altar of Hepliaklqana.
  4823 | D:6      | Found a staircase to the Ecumenical Temple.
  5160 | D:5      | Slain by an orc warrior

Levels and vault maps discovered:
D:1:      dpeg_arrival_concentric_ovals, layout_basic
D:2:      layout_loops_ring, st_stairs_5, uniq_jessica
D:3:      layout_basic, first_ration, minivault_19
D:4:      black_bear_nest_1, layout_cave_pools, minivault_26,
          fedhas_bush_and_centaur_altar, uniq_sigmund
D:5:      layout_basic, lemuel_round_altar
D:6:      cheibrodos_helix_gallery, layout_gridville,
          minmay_temple_entry_butterflies, minmay_a_box_with_orc_wizards_in_it

Skill      XL: |  1  2  3  4  5  6  7  8 |
---------------+-------------------------+-----
Invocations    | 1 2 3 |  3.7
Short Blades   | 1 2 3 |  3.3
Long Blades    | 1 2 3 |  3.3
Axes           | 1 2 3 |  3.3
Maces & Flails | 1 2 3 |  3.3
Polearms       | 1 2 3 |  3.3
Staves         | 1 2 3 |  3.3
Slings         | 1 2 3 |  3.3
Bows           | 1 2 3 |  3.3
Throwing       | 1 2 3 |  3.3
Dodging        | 1 2 3 |  3.3
Stealth        | 1 2 3 |  3.3
Unarmed Combat | 1 2 3 |  3.3
Spellcasting   | 1 2 3 |  3.3
Conjurations   | 1 2 |  2.7
Hexes          | 1 2 |  2.7
Charms         | 1 2 |  2.7
Summonings     | 1 2 |  2.7
Necromancy     | 1 2 |  2.7
Translocations | 1 2 |  2.7
Transmutations | 1 2 |  2.7
Fire Magic     | 1 2 |  2.7
Ice Magic      | 1 2 |  2.7
Air Magic      | 1 2 |  2.7
Earth Magic    | 1 2 |  2.7
Poison Magic   | 1 2 |  2.7
Shields        | 3 4 |  4.3
Evocations     | 3 4 |  4.3
Fighting       | 5 |  5.7
Armour         | 5 |  5.7
Crossbows      | 9 |  9.2

Action                   |  1- 3 |  4- 6 |  7- 9 || total
-------------------------+-------+-------+-------++-------
Melee: Halberd           |       |   124 |   116 ||   240
       Bite              |       |     9 |    13 ||    22
       Flail             |       |       |    53 ||    53
 Fire: Hand crossbow     |    82 |    37 |    16 ||   135
Throw: Dart              |       |    30 |     3 ||    33
  Use: Potion            |       |       |     3 ||     3
 Stab: Sleeping          |       |     2 |       ||     2
  Eat: Ration            |       |     2 |     2 ||     4
       Chunk             |       |       |     1 ||     1
Armor: Ring mail         |    12 |    81 |    71 ||   164
Dodge: Dodged            |    15 |   115 |   105 ||   235
